AoeStats
← Goku_San

Black Forest

507701802Analyzed
2v2 RM · 13d ago on Sep 19, 2026· 39m 42s· 4 players
Game mode
Random Map
Map size
Medium (4 player)
Population
200
Speed
Normal
Resources
Standard
Victory
Conquest
Starting age
Dark Age
Ending age
Imperial Age
RankedLock teamsTeams togetherTeam positionsShared explorationLock speedFull tech treeHidden civsTurbo modeCheats
Victory
Defeat
🇮🇱 Franks · Israel
1280
+10
🇨🇳 Portuguese · China
1099
+17
🇩🇪 Britons · Germany
1136
-14
🇩🇪 Persians · Germany
1132
-13
breaker123
11:47 Feudal Age
15:25 Castle Age
13:13 Loom
13:22 Double-Bit Axe
13:18 Horse Collar
19:03 Heavy Plow
23:17 Bow Saw
23:53 Gold Mining
24:01 Stone Mining
25:45 Wheelbarrow
29:16 Imperial Age
27:03 Padded Archer Armor
27:48 Gold Shaft Mining
27:44 Hand Cart
27:36 Town Watch
27:55 Squires
28:51 Fletching
29:42 Bodkin Arrow
30:03 Leather Archer Armor
30:14 Ballistics
31:11 Bracer
30:59 Arson
32:28 Ring Archer Armor
33:03 Chemistry
31:46 Elite Longbowman
32:48 Town Patrol
32:54 Caravan
33:24 Coinage
33:04 Guilds
kert_qt
4:19 Loom
15:00 Feudal Age
17:15 Double-Bit Axe
23:08 Castle Age
21:46 Forging
24:26 Iron Casting
23:57 Scale Barding Armor
26:41 Bow Saw
28:02 Horse Collar
32:58 Imperial Age
31:28 Husbandry
31:39 Bloodlines
31:55 Chain Barding Armor
33:13 Fletching
38:46 Cavalier
40:38 Plate Barding Armor
Goku_San
1:23 Loom
10:40 Feudal Age
11:11 Double-Bit Axe
15:26 Castle Age
16:21 Bow Saw
22:34 Wheelbarrow
22:17 Stone Mining
22:25 Gold Mining
26:17 Hand Cart
30:28 Imperial Age
28:26 Scale Barding Armor
28:34 Forging
29:19 Gold Shaft Mining
29:30 Chain Barding Armor
29:14 Husbandry
31:41 Iron Casting
32:13 Chemistry
30:41 Cavalier
32:28 Plate Barding Armor
32:43 Conscription
35:45 Paladin
37:28 Blast Furnace
36:31 Pikeman
37:12 Squires
37:15 Scale Mail Armor
37:50 Town Watch
37:38 Halberdier
38:40 Chain Mail Armor
40:13 Plate Mail Armor
rower56
1:07 Loom
16:39 Feudal Age
18:38 Gold Mining
18:41 Stone Mining
18:36 Horse Collar
18:43 Double-Bit Axe
24:02 Castle Age
24:50 Heavy Plow
25:00 Bow Saw
26:10 Fortified Wall
26:41 Fletching
27:27 Bodkin Arrow
34:42 Imperial Age
33:37 Wheelbarrow
33:41 Scale Mail Armor
33:52 Forging
34:22 Pikeman
35:40 Chain Mail Armor
36:01 Iron Casting
36:07 Halberdier
38:28 Two-Man Saw
38:30 Hand Cart
39:37 Plate Mail Armor
40:08 Blast Furnace
40:34 Chemistry
39:54 Ballistics
Connection lost

Rejoining the realm…

Still unreachable

The connection could not be restored.

Session expired

The server has moved on; the page needs a fresh start.